 Dungeon Crawl Stone Soup version 0.18-b1-14-g029dad2 (webtiles) character file.

70 otab the Skirmisher (level 4, 29/35 HPs)
             Began as a Demonspawn Fighter on Apr 30, 2016.
             Quit the game on level 2 of the Dungeon.
             The game lasted 00:01:30 (1409 turns).

otab the Skirmisher (Demonspawn Fighter)            Turns: 1409, Time: 00:01:31

Health: 29/35      AC:  9    Str: 17    XL:     4   Next: 4%
Magic:  4/4        EV:  7    Int:  9    God:
Gold:   79         SH:  9    Dex: 13    Spells: 0 memorised, 3 levels left

rFire  . . .     SeeInvis .     a - +0 long sword
rCold  . . .     Gourm    .     b - +0 scale mail
rNeg   . . .     Faith    .     c - +0 shield
rPois  +         Spirit   .     (no helmet)
rElec  .         Dismiss  .     j - +0 cloak {rPois}
rCorr  .         Reflect  .     (no gloves)
SustAt .         Harm     .     (no boots)
MR     .....                    (no amulet)
Stlth  ..........               (no ring)
                                (no ring)

@: not resistant to hostile enchantments, extremely unstealthy
A: slimy green scales 1, rot immunity
a: no special abilities


You were on level 2 of the Dungeon.
You were not hungry.

You visited 1 branch of the dungeon, and saw 2 of its levels.

You collected 79 gold pieces.

Inventory:

Hand Weapons
 a - a +0 long sword (weapon)
Armour
 b - a +0 scale mail (worn)
 c - a +0 shield (worn)
 j - a +0 cloak of poison resistance (worn)
Scrolls
 e - 3 scrolls of teleportation {unknown}
 g - a scroll of enchant weapon {unknown}
 n - 2 scrolls of magic mapping {unknown}
 o - 3 scrolls of identify {unknown}
 q - a scroll of remove curse {unknown}
Potions
 d - a potion of might
 h - a potion of curing {unknown}
 i - 2 potions of degeneration {unknown}
 k - a potion of berserk rage {unknown}
 m - a potion of flight {unknown}
Comestibles
 f - 2 bread rations
 l - 2 fruits
 p - a chunk of flesh


   Skills:
 + Level 3.4 Fighting
 + Level 2.3 Long Blades
 + Level 3.0 Armour
 + Level 0.8 Dodging
 + Level 3.3 Shields


You had 3 spell levels left.
You didn't know any spells.

Dungeon Overview and Level Annotations

Branches:
Dungeon (2/15)

Altars:
Fedhas


Innate Abilities, Weirdness & Mutations

You are partially covered in slimy green scales (AC +2).
You are immune to rotting.


Message History

The adder bites you.
An adder is nearby!
You closely miss the adder.
The adder is almost dead.
The adder barely misses you. The adder bites you but does no damage.
An adder is nearby!
Your shield and scale mail prevent you from hitting the adder.
The adder is almost dead.
You block the adder's attack. The adder bites you but does no damage.
An adder is nearby!
Your scale mail prevents you from hitting the adder.
The adder is almost dead.
The adder completely misses you. The adder bites you.
An adder is nearby!
You hit the adder.
You kill the adder!
You have reached level 4!
You feel agile.
Your demonic ancestry asserts itself...
Slimy green scales grow over part of your body.
Are you sure you want to abandon this character and quit the game? (Confirm with "yes".)

##.# ##..##+##
###.......## #.#
#.........#
######### #.#
#.........# ##.##
#.........# .[..#
#.........# #####
#.........# ####
#.........# ...#
#.........# ...#
#....@....# ...###
######>#### .....#
#.#
.....############.#
.....#.........##.#
.....#.........##.#
.....#.........##.#
.....#...†.....##.#
.....######'##.##.#


There were no monsters in sight!

Vanquished Creatures
  2 adders (D:2)
  A dart slug (D:1)
  2 giant geckos
  2 giant cockroaches (D:2)
  6 hobgoblins (D:1)
  2 jackals (D:2)
  9 bats
  9 goblins
  8 kobolds
  4 rats
45 creatures vanquished.

Notes
Turn   | Place    | Note
--------------------------------------------------------------
     0 | D:1      | otab the Demonspawn Fighter began the quest for the Orb.
     0 | D:1      | Reached XP level 1. HP: 18/18 MP: 1/1
   355 | D:1      | Gained mutation: You are immune to rotting. [demonic ancestry]
   355 | D:1      | Reached XP level 2. HP: 23/24 MP: 2/2
   609 | D:1      | Reached XP level 3. HP: 29/29 MP: 3/3
  1198 | D:2      | Found a blossoming altar of Fedhas.
  1408 | D:2      | Gained mutation: You are partially covered in slimy green scales (AC +2). [demonic ancestry]
  1408 | D:2      | Reached XP level 4. HP: 29/35 MP: 4/4
  1409 | D:2      | Quit the game

Skill      XL: |  1  2  3 |
---------------+----------+-----
Long Blades    | 2 |  2.3
Shields        | 3 |  3.3
Armour         | 3 |  3.0
Fighting       | |  3.4
Dodging        | |  0.8

Action                   |  1- 3 |  4- 6 || total
-------------------------+-------+-------++-------
Melee: Long sword        |   162 |       ||   162
  Eat: Chunk             |     2 |       ||     2
Armor: Scale mail        |    85 |       ||    85
Dodge: Dodged            |    60 |       ||    60
Block: Shield            |   103 |       ||   103
